 Dungeon Crawl Stone Soup version 0.24.0-123-gd5b16e6ec5 (webtiles) character file.

Game seed: 13228659269913523272, levelgen mode: deterministic

247 hazymike the Grave Robber (level 6, -5/50 HPs)
             Began as a Hill Orc Necromancer on Feb 7, 2020.
             Was a Believer of Makhleb.
             Blown up by Ijyb (31 damage)
             ... with a disintegration bolt
             ... on level 3 of the Dungeon.
             The game lasted 00:41:27 (7073 turns).

hazymike the Grave Robber (Hill Orc Necromancer)    Turns: 7073, Time: 00:41:27

Health: -5/50      AC:  6    Str: 11    XL:     6   Next: 11%
Magic:  0/9        EV: 12    Int: 17    God:    Makhleb [**....]
Gold:   166        SH:  0    Dex: 11    Spells: 4/9 levels left

rFire    . . .     SeeInvis .   a - +0 hand axe
rCold    . . .     Gourm    .   (no shield)
rNeg     . . .     Faith    .   e - +0 leather armour
rPois    .         Spirit   .   o - +1 helmet
rElec    .         Reflect  .   (no cloak)
rCorr    .         Harm     .   h - +0 pair of gloves
MR       .....                  (no boots)
Stlth    ++........             (no amulet)
HPRegen  0.16/turn              (no ring)
MPRegen  0.11/turn              (no ring)

@: no status effects
A: no striking features
a: Minor Destruction, Renounce Religion


You were on level 3 of the Dungeon.
You worshipped Makhleb.
Makhleb was pleased with you.
You were not hungry.

You visited 1 branch of the dungeon, and saw 4 of its levels.

You collected 166 gold pieces.

Inventory:

Hand Weapons
 a - a +0 hand axe (weapon)
Missiles
 b - 2 atropa-tipped darts (quivered)
 s - 184 stones
 v - 4 boomerangs
Armour
 e - a +0 leather armour (worn)
 h - a +0 pair of gloves (worn)
 o - a +1 helmet (worn)
Scrolls
 f - 3 scrolls of teleportation
 l - a scroll of amnesia
 m - a scroll of enchant armour
 p - a scroll of remove curse
Potions
 g - 3 potions of might {unknown}
 i - a potion of berserk rage {unknown}
 n - a potion of heal wounds {unknown}
 q - a potion of haste {unknown}
 r - a potion of flight
 t - a potion of ambrosia
Comestibles
 c - 4 rations


   Skills:
 + Level 2.8 Fighting
 * Level 1.0 Axes
 + Level 1.9 Armour
 - Level 2.0 Dodging
 - Level 2.0 Stealth
 - Level 2.0 Spellcasting
 + Level 1.6 Charms
 + Level 4.8 Necromancy
 + Level 2.3 Invocations


You had 4 spell levels left.
You knew the following spells:

 Your Spells              Type           Power        Failure   Level  Hunger
a - Pain                  Necr           ###.         3%          1    #......
b - Animate Skeleton      Necr           N/A          3%          1    #......
c - Regeneration          Chrm/Necr      ##........   21%         3    ###....

Your spell library contained the following spells:

 Spells                   Type           Power        Failure   Level  Hunger
 Vampiric Draining        Necr           ###.......   11%         3    ###....
 Animate Dead             Necr           N/A          34%         4    #####..


Dungeon Overview and Level Annotations

Branches:
Dungeon (4/15)
 Temple: D:4-7

Altars:
Elyvilon
Makhleb

Annotations:
D:3 1 exclusion, Ijyb
D:4 Robin


Message History

Casting: Pain (safe; 3% risk of failure)
Confirm with . or Enter, or press ? or * to list all spells.
Aiming: Pain (safe; 3% risk of failure)
Press: ? - help, Shift-Dir - straight line, f/p - Ijyb
Aim: Ijyb, wearing a cursed +0 leather armour and carrying a wand of disintegration (10) (heavily wounded, chance to defeat MR: 84%) Ijyb writhes in agony.
Ijyb hits you but does no damage.
Casting: Pain (safe; 3% risk of failure)
Confirm with . or Enter, or press ? or * to list all spells.
Aiming: Pain (safe; 3% risk of failure)
Press: ? - help, Shift-Dir - straight line, f/p - Ijyb
Aim: Ijyb, wearing a cursed +0 leather armour and carrying a wand of disintegration (10) (severely wounded, chance to defeat MR: 84%) Ijyb writhes in agony.
Ijyb barely misses you.
Casting: Pain (safe; 3% risk of failure)
Confirm with . or Enter, or press ? or * to list all spells.
You don't have enough magic to cast that spell.
You miss Ijyb.
Ijyb is almost dead.
Ijyb zaps a wand.
You are blasted!
Ouch! That really hurt!
You die...

###############
..##..........#
..##..........####
..''............@#
..##...........g)#
..##########.....#
..'..............#
..###.....##..##.#
### #.###.##.....#
#.# #.###.#..#
#####.# #.###....#
....#.# #........#


You could see Ijyb.

Vanquished Creatures
  3 orc priests
  A worker ant (D:3)
  An adder (D:3)
  3 worms
  A leopard gecko (D:3)
  16 orcs
  4 ball pythons
  2 bats (D:1)
  3 giant cockroaches (D:2)
  12 goblins
  13 hobgoblins
  6 jackals
  4 quokkas
  5 frilled lizards
  8 kobolds
  12 rats
94 creatures vanquished.

Vanquished Creatures (collateral kills)
  A giant cockroach (D:2)
  2 goblins
  A hobgoblin (D:1)
4 creatures vanquished.

Grand Total: 98 creatures vanquished

Notes
Turn   | Place    | Note
-------+----------+-------------------------------------------
     0 | D:1      | hazymike the Hill Orc Necromancer began the quest for the
                  | Orb.
     0 | D:1      | Reached XP level 1. HP: 14/14 MP: 3/3
     2 | D:1      | Learned a level 1 spell: Animate Skeleton
   444 | D:1      | Reached XP level 2. HP: 20/22 MP: 0/4
   861 | D:1      | Reached skill level 1 in Fighting
  1222 | D:1      | Reached XP level 3. HP: 26/28 MP: 1/5
  1490 | D:1      | Learned a level 3 spell: Regeneration
  2119 | D:2      | Found a faded altar of an unknown god.
  2148 | D:2      | Became a worshipper of Makhleb the Destroyer
  2148 | D:2      | Reached * piety under Makhleb
  2185 | D:2      | You fall into a shaft and drop 2 floors!
  2387 | D:3      | Reached XP level 4. HP: 30/35 MP: 0/7
  2475 | D:3      | Noticed a sky beast
  3026 | D:2      | Found a white marble altar of Elyvilon.
  3393 | D:3      | Reached skill level 1 in Invocations
  3558 | D:3      | Reached ** piety under Makhleb
  4218 | D:2      | Reached skill level 1 in Armour
  4689 | D:3      | Reached skill level 1 in Charms
  4689 | D:3      | Reached XP level 5. HP: 27/41 MP: 0/8
  6406 | D:4      | Noticed an ogre
  6575 | D:4      | Noticed Robin
  6575 | D:4      | Noticed Ijyb
  6778 | D:4      | Reached skill level 1 in Axes
  6778 | D:4      | Reached XP level 6. HP: 44/50 MP: 1/9
  7073 | D:3      | Blown up by Ijyb

Levels and vault maps discovered:
D:1:      minmay_arrival_hallway, layout_basic, minmay_heptomino_l4
D:2:      layout_loops_corners, elyvilon_altar_4,
          chequers_ecumenical_altar_simple_redux
D:3:      layout_basic, chequers_serial_rivers_marsh, lightli_corner_chamber
D:4:      kennysheep_six_static_rooms, layout_rooms, uniq_robin, uniq_ijyb

Skill      XL: |  1  2  3  4  5 |
---------------+----------------+-----
Fighting       | 1 2 |  2.8
Stealth        | 2 |  2.0
Dodging        | 2 |  2.0
Spellcasting   | 2 |  2.0
Invocations    | 1 2 |  2.3
Armour         | 1 |  1.9
Charms         | 1 |  1.6
Axes           | 1 |  1.0
Necromancy     | |  4.8

Action                   |  1- 3 |  4- 6 || total
-------------------------+-------+-------++-------
Melee: Unarmed           |    31 |    19 ||    50
       Hand axe          |       |     8 ||     8
Throw: Stone             |    35 |    23 ||    58
       Boomerang         |       |     1 ||     1
       Dart              |       |     1 ||     1
 Cast: Pain              |    90 |   134 ||   224
       Animate Skeleton  |    13 |    16 ||    29
       Regeneration      |       |     4 ||     4
  Use: Scroll            |       |     9 ||     9
  Eat: Chunk             |     7 |    12 ||    19
       Ration            |       |     2 ||     2
Armor: Leather armour    |    12 |    33 ||    45
Dodge: Dodged            |    47 |    56 ||   103
